 Dungeon Crawl Stone Soup version 0.27-a0-1136-g0b992a5a9d (webtiles) character file.

Game seed: 7834715901558322896

410 Noili the Digger (level 6, -1/32 HPs)
             Began as a Gargoyle Earth Elementalist on May 5, 2021.
             Slain by Duvessa
             ... wielding a +2 rapier of distortion
              (6 damage)
             ... on level 4 of the Dungeon.
             The game lasted 00:08:30 (5006 turns).

Noili the Digger (Gargoyle Earth Elementalist)      Turns: 5006, Time: 00:08:31

Health: -1/32      AC:  8    Str: 17    XL:     6   Next: 89%
Magic:  8/12       EV: 11    Int: 17    God:
Gold:   175        SH:  0    Dex:  7    Spells: 2/13 levels left

rFire    . . .     SeeInvis .   e - +6 dagger "Hanlaoh" {vorpal, rPois Will+ Str+3 Dex-3}
rCold    . . .     Faith    .   (no shield)
rNeg     + . .     Spirit   .   c - +0 robe
rPois    ∞         Reflect  .   (helmet restricted)
rElec    +         Harm     .   l - +1 cloak
rCorr    .         Rampage  .   (no gloves)
Will     +....                  (no boots)
Stlth    ++........             (no amulet)
HPRegen  0.10/turn              (no ring)
MPRegen  0.13/turn              (no ring)

@: no status effects
A: sickness immunity, AC +4, negative energy resistance 1, electricity
resistance, torment resistance 1, unbreathing 1, petrification resistance,
hooves 1, horns 1, strong 1
a: no special abilities


You were on level 4 of the Dungeon.
You visited 1 branch of the dungeon, and saw 4 of its levels.

You collected 175 gold pieces.

Inventory:

Hand Weapons
 e - the +6 dagger "Hanlaoh" (weapon) {vorpal, rPois Will+ Str+3 Dex-3}
   (You found it on level 4 of the Dungeon)

   It inflicts extra damage upon your enemies.
   It affects your strength (+3).
   It affects your dexterity (-3).
   It protects you from poison.
   It increases your willpower.
 g - a +2 dagger of venom
 n - a +0 flail
Missiles
 b - 72 stones
 d - 2 throwing nets
Armour
 c - a +0 robe (worn)
 l - a +1 cloak (worn)
Wands
 a - a wand of flame (28)
 o - a wand of polymorph (5)
Scrolls
 j - a scroll of teleportation
Potions
 f - 2 potions of might
 h - 2 potions of flight
 i - 2 potions of curing
 k - a potion of brilliance {unknown}
 m - a potion of attraction {unknown}


   Skills:
 - Level 1.5 Dodging
 - Level 2.1 Stealth
 + Level 4.1 Spellcasting
 + Level 3.5 Conjurations
 - Level 0.7 Transmutations
 + Level 6.2 Earth Magic


You had 2 spell levels left.
You knew the following spells:

 Your Spells              Type           Power      Damage    Failure   Level
a - Sandblast             Erth           48%        2d12      1%          1
b - Stone Arrow           Conj/Erth      40%        3d9       6%          3
c - Lee's Rapid Deconstr  Erth           12%        3d9*      32%         5
d - Passwall              Tmut/Erth      12%        N/A       5%          2

Your spell library contained the following spells:

 Spells                   Type           Power      Damage    Failure   Level
 Petrify                  Tmut/Erth      15%        N/A       36%         4


Dungeon Overview and Level Annotations

Branches:
Dungeon (4/15)
 Temple: D:4-7

Altars:
Makhleb

Annotations:
D:4 Dowan, Duvessa


Innate Abilities, Weirdness & Mutations

You are immune to sickness and miasma.
Your stone body is resilient. (AC +4)
You are immune to poison.
You resist negative energy. (rN+)
You are resistant to electric shocks. (rElec)
You are resistant to unholy torment.
You can survive without breathing.
You are immune to petrification.
You have large cloven feet.
You have a pair of small horns on your head.
Your muscles are strong. (Str +2)


Message History

Duvessa drinks a potion.
Duvessa seems to speed up.
Found a bubbling sapphire potion.
Dowan gestures wildly while chanting.
Dowan blinks!
Casting: Sandblast (safe; 1% risk of failure)
Confirm with . or Enter, or press ? or * to list all spells.
Aiming: Sandblast (safe; 1% risk of failure)
Press: ? - help, Shift-Dir - straight line, f - Duvessa
Aim: Duvessa, wielding a +2 rapier of distortion and wearing a +0 scale mail (fast, 86% to hit)
The blast of sand misses Duvessa.
Duvessa barely misses you.
Unknown command.
Casting: Sandblast (safe; 1% risk of failure)
Confirm with . or Enter, or press ? or * to list all spells.
Aiming: Sandblast (safe; 1% risk of failure)
Press: ? - help, Shift-Dir - straight line, f/p - Duvessa
Aim: Duvessa, wielding a +2 rapier of distortion and wearing a +0 scale mail (fast, 86% to hit)
The blast of sand hits Duvessa.
Duvessa is lightly wounded.
Duvessa barely misses you. Duvessa misses you.
Casting: Sandblast (safe; 1% risk of failure)
Confirm with . or Enter, or press ? or * to list all spells.
Aiming: Sandblast (safe; 1% risk of failure)
Press: ? - help, Shift-Dir - straight line, f/p - Duvessa
Aim: Duvessa, wielding a +2 rapier of distortion and wearing a +0 scale mail (lightly wounded, fast, 86% to hit)
The blast of sand hits Duvessa but does no damage.
Duvessa is lightly wounded.
Duvessa hits you with a +2 rapier of distortion.
Space warps horribly around you!!
Ouch! That really hurt!
* * * LOW HITPOINT WARNING * * *
Unknown command.
Casting: Sandblast (safe; 1% risk of failure)
Confirm with . or Enter, or press ? or * to list all spells.
Aiming: Sandblast (safe; 1% risk of failure)
Press: ? - help, Shift-Dir - straight line, f/p - Duvessa
Aim: Duvessa, wielding a +2 rapier of distortion and wearing a +0 scale mail (lightly wounded, fast, 86% to hit)
The blast of sand hits Duvessa but does no damage.
Duvessa is lightly wounded.
Duvessa hits you with a +2 rapier of distortion.
You die...

#######.### ##.......# #...#
###.#....... ######.#.#
#..###...... .........#
#.#.#....... .#.#.#.#.#
#.##.###.... ..[......## #. #.#
#.... .#.#.#.#..### #. #.# ##.#.
............##########.##.# #.#.
.#.#.#.#..#e...e@.!.......# #.#.
........$.############.#..####.##
.#$#.#.#..# #.. .........#
..........# #.# #.###.....
..$.####### #.# ##...# #### #.#
#. ##... #.# #.# ####
#.####.######## #.#............


You could see Duvessa (fast) and Dowan.

Vanquished Creatures
  A scorpion (D:4)
  2 hounds (D:4)
  Crazy Yiuf (D:2)
  An iguana (D:4)
  Jessica (D:2)
  An orc wizard (D:3)
  Ijyb (D:4)
  4 adders
  3 gnolls (D:3)
  2 dart slugs (D:2)
  9 orcs
  7 ball pythons
  4 bats
  5 endoplasms
  2 giant cockroaches
  5 goblins
  4 hobgoblins
  17 jackals
  A quokka (D:3)
  4 frilled lizards
  5 kobolds
  6 rats
86 creatures vanquished.

Notes
Turn   | Place    | Note
-------+----------+-------------------------------------------
     0 | D:1      | Noili the Gargoyle Earth Elementalist began the quest for
                  | the Orb.
     0 | D:1      | Reached XP level 1. HP: 10/10 MP: 3/3
   160 | D:1      | Found a faded altar of an unknown god.
   405 | D:1      | Reached skill level 4 in Earth Magic
   405 | D:1      | Reached XP level 2. HP: 15/15 MP: 5/5
  1050 | D:1      | Reached XP level 3. HP: 10/19 MP: 1/6
  1058 | D:1      | Learned a level 3 spell: Stone Arrow
  1560 | D:2      | Reached skill level 1 in Conjurations
  1586 | D:2      | Reached XP level 4. HP: 10/24 MP: 4/8
  1912 | D:2      | Found a burning altar of Makhleb.
  1956 | D:2      | Found a runed translucent door.
  1957 | D:2      | Noticed Crazy Yiuf
  1967 | D:2      | Killed Crazy Yiuf
  1968 | D:2      | Reached skill level 5 in Earth Magic
  2415 | D:2      | Noticed Jessica
  2428 | D:2      | Killed Jessica
  2429 | D:2      | Reached XP level 5. HP: 28/28 MP: 6/10
  2996 | D:3      | Gained mutation: Your muscles are strong. (Str +2) [potion
                  | of mutation]
  2996 | D:3      | Gained mutation: You have large cloven feet. [potion of
                  | mutation]
  2996 | D:3      | Gained mutation: You have a pair of small horns on your
                  | head. [potion of mutation]
  3691 | D:3      | HP: 1/28 [gnoll/+0 flail (5)]
  4314 | D:3      | Learned a level 5 spell: Lee's Rapid Deconstruction
  4348 | D:4      | Reached XP level 6. HP: 31/32 MP: 11/11
  4356 | D:4      | Learned a level 2 spell: Passwall
  4367 | D:4      | Identified the +6 dagger "Hanlaoh" {vorpal, rPois Will+
                  | Str+3 Dex-3}
  4557 | D:4      | Noticed Ijyb
  4566 | D:4      | Reached skill level 6 in Earth Magic
  4575 | D:4      | Killed Ijyb
  4987 | D:4      | Noticed Dowan
  4988 | D:4      | Noticed Duvessa
  5006 | D:4      | Slain by Duvessa

Illustrated notes

Levels and vault maps discovered:
D:1:      kennysheep_arrival_forest, layout_loops_ring,
          shapermc_ecumenical_altar_starsandcircs,
          amcnicky_mini_rare_corridor_liquid, chequers_serial_rivers_small_b
D:2:      layout_basic, basic_altar, uniq_jessica, uniq_crazy_yiuf_cottage
D:3:      layout_basic
D:4:      layout_loops_ring, serial_glass, glass_columns_b, glass_columns_a,
          glass_columns_c, glass_columns_b, due_unseen_surprise,
          feat_on_display, feat_on_display, st_stairs_10,
          kennysheep_generic_room_4, uniq_ijyb, uniq_duvessa

Skill      XL: |  1  2  3  4  5  6 |
---------------+-------------------+-----
Earth Magic    | 4 5 6 |  6.2
Conjurations   | 1 2 3 |  3.5
Spellcasting   | 3 4 |  4.1
Dodging        | |  1.5
Stealth        | |  2.1
Transmutations | |  0.7

Action                   |  1- 3 |  4- 6 || total
-------------------------+-------+-------++-------
Melee: Dagger            |   103 |    71 ||   174
       Mace              |       |    95 ||    95
       Kick              |       |    12 ||    12
       Headbutt          |       |    11 ||    11
 Cast: Sandblast         |    24 |    29 ||    53
       Stone Arrow       |       |     6 ||     6
       Passwall          |       |     2 ||     2
  Use: Scroll            |       |    10 ||    10
       Potion            |       |     2 ||     2
 Stab: Sleeping          |     2 |     3 ||     5
Armor: Robe              |    50 |    87 ||   137
Dodge: Dodged            |    72 |    97 ||   169

Table legend: (Time is in decaauts)
 A = Elapsed time spent in this place.
 B = Non-inter-level travel time spent in this place.
 C = Inter-level travel time spent in this place.
 D = Time resting spent in this place.
 E = Time spent auto-exploring this place.
 F = Levels seen in this place.
 G = Mean time per level.
                   A        B        C        D        E       F      G
               +--------+--------+--------+--------+--------+-----+--------+
         Total |   5025 |   4905 |    120 |    669 |   3433 |   4 | 1256.2 |
       Dungeon |   5025 |   4905 |    120 |    669 |   3433 |   4 | 1256.2 |
               +--------+--------+--------+--------+--------+-----+--------+

Top non-repeatable levels by time:
     D:2: 1871 daAuts
     D:1: 1398 daAuts
     D:3: 1075 daAuts
     D:4: 680 daAuts
